 Dungeon Crawl Stone Soup version 0.32-a0-472-gc2b5402 (webtiles) character file.

Game seed: 8533983027532279318

140 Remcycle the Chopper (level 5, -7/45 HPs)
             Began as a Draconian Monk on Feb 25, 2024.
             Was a Believer of Okawaru.
             Blown up by Ijyb (17 damage)
             ... with a mindburst bolt
             ... on level 3 of the Dungeon.
             The game lasted 00:03:32 (2089 turns).

Remcycle the Chopper (Draconian Monk)               Turns: 2089, Time: 00:03:33

Health: -7/45      AC:  5    Str: 15    XL:     5   Next: 2%
Magic:  5/5        EV: 12    Int: 11    God:    Okawaru [**....]
Gold:   110        SH:  0    Dex: 13    Spells: 4/4 levels left

rFire   . . .        a - +0 hand axe
rCold   . . .        c - orb {light}
rNeg    . . .        (body armour unavailable)
rPois   .            (helmet restricted)
rElec   .            (no cloak)
rCorr   .            (no gloves)
SInv    .            (no boots)
Will    .....        (no amulet)
Stlth   +            (no ring)
HPRegen 0.27/turn    (no ring)
MPRegen 0.09/turn

%: no passive effects
@: glowing
A: AC +5, unfitting armour, cold-blooded
a: Renounce Religion, Heroism


You were on level 3 of the Dungeon.
You worshipped Okawaru.
Okawaru was pleased with you.
You visited 1 branch of the dungeon, and saw 3 of its levels.

You collected 110 gold pieces.

Inventory:

Hand Weapons
 a - a +0 hand axe (weapon)
Armour
 c - an orb of light (worn)
Jewellery
 e - an amulet of magic regeneration
 f - a ring of ice
Scrolls
 d - 2 scrolls of revelation {unknown}
 g - 2 scrolls of identify {unknown}
 i - 3 scrolls of teleportation {unknown}
 k - a scroll of blinking {unknown}
Potions
 h - 2 potions of mutation {unknown}
 j - a potion of heal wounds {unknown}


   Skills:
 - Level 3.2 Fighting
 + Level 5.7 Axes
 - Level 2.6 Dodging


You had 4 spell levels left.
You didn't know any spells.
Your spell library was empty.

Dungeon Overview and Level Annotations

Branches:
Dungeon (3/15)

Altars:
Okawaru

Annotations:
D:3 Ijyb


Innate Abilities, Weirdness & Mutations

Your plain brown scales are hard. (AC +5)
You cannot fit into any form of body armour.
You are cold-blooded and may be slowed by cold attacks.


Message History

Ijyb is moderately wounded.
Ijyb zaps a wand.
You barely resist. You hit Ijyb.
Ijyb is moderately wounded.
Ijyb hits you with a +0 club.
You hit Ijyb.
Ijyb is heavily wounded.
Ijyb hits you but does no damage.
You hit Ijyb.
Ijyb is heavily wounded.
Ijyb hits you with a +0 club.
You hit Ijyb.
Ijyb is severely wounded.
Ijyb hits you with a +0 club.
You closely miss Ijyb.
Ijyb is severely wounded.
Ijyb hits you with a +0 club.
You hit Ijyb but do no damage.
Ijyb is severely wounded.
Ijyb zaps a wand.
Your mind is blasted!
* * * LOW HITPOINT WARNING * * *
You are confused.
You feel invigorated.
Ijyb zaps a wand.
Your mind is blasted!
* * * LOW HITPOINT WARNING * * *
You hit Ijyb but do no damage.
Ijyb is severely wounded.
Ijyb hits you but does no damage.
You feel less invigorated.
You feel less confused.
Ijyb zaps a wand.
Your mind is blasted!
* * * LOW HITPOINT WARNING * * *
You hit Ijyb.
Ijyb is almost dead.
Ijyb hits you with a +0 club.
* * * LOW HITPOINT WARNING * * *
You completely miss Ijyb. You tail-slap Ijyb, but do no damage.
Ijyb is almost dead.
Ijyb zaps a wand.
Your mind is blasted!
You die...
Ijyb screams, "Time for next experiment!"

#.# #.# #.#
#.#########
#.######.#........
#.#........######.
#?#.##.##### #. #
#.#.##.# #. ##.
#.#.##.# #.
##...#[...#.# ##.
#....g@.>...# ##.#
......###..###
##.## ####..
...... ##.## ##
##.#### #.## .#
###.## .# #...†##
.# #.#...# #....#.
##.#.##


You could see Ijyb.

Vanquished Creatures
  Natasha (thrice) (D:2)
  2 adders (D:2)
  A dart slug (D:1)
  5 bats
  6 endoplasms
  A giant cockroach (D:3)
  5 goblins
  2 hobgoblins (D:1)
  3 jackals (D:2)
  A quokka (D:2)
  3 ball pythons
  5 frilled lizards
  3 kobolds
  9 rats
49 creatures vanquished.

Notes
Turn   | Place    | Note
-------+----------+-------------------------------------------
     0 | D:1      | Remcycle the Draconian Monk began the quest for the Orb.
     0 | D:1      | Reached XP level 1. HP: 19/19 MP: 1/1
   175 | D:1      | Reached XP level 2. HP: 26/26 MP: 2/2
   695 | D:1      | Reached skill level 4 in Axes
  1219 | D:2      | Noticed Natasha
  1230 | D:2      | Killed Natasha
  1231 | D:2      | Reached XP level 3. HP: 11/31 MP: 3/3
  1341 | D:2      | Identified the +3 ring mail "Xodula Qeele" {rF+ rC- Int+5}
  1368 | D:2      | Noticed Natasha
  1375 | D:2      | Killed Natasha
  1376 | D:2      | Reached skill level 5 in Axes
  1376 | D:2      | Reached XP level 4. HP: 38/38 MP: 4/4
  1438 | D:2      | Noticed Natasha
  1449 | D:2      | Killed Natasha
  1664 | D:2      | Found a faded altar of an unknown god.
  1713 | D:2      | Prayed at the altar of an unknown god.
  1713 | D:2      | Became a worshipper of Warmaster Okawaru
  1713 | D:2      | Reached * piety under Okawaru
  1713 | D:2      | Reached ** piety under Okawaru
  1933 | D:3      | Reached XP level 5. HP: 45/45 MP: 5/5
  2071 | D:3      | Noticed Ijyb
  2089 | D:3      | Blown up by Ijyb

Illustrated notes

Levels and vault maps discovered:
D:1:      kilobyte_arrival_exit_the_forest, layout_basic
D:2:      layout_rooms, hellmonk_ecumenical_altar_slurped_away, uniq_natasha
D:3:      layout_loops_ring, uniq_ijyb

Skill      XL: |  1  2  3 |
---------------+----------+-----
Axes           | 4 5 |  5.7
Fighting       | |  3.2
Dodging        | |  2.6

Action                     |  1- 3 |  4- 6 || total
---------------------------+-------+-------++-------
  Melee: Hand axe          |    57 |    78 ||   135
         Tailslap          |     6 |    11 ||    17
    Use: Potion            |       |     1 ||     1
 Armour: Skin              |    35 |    41 ||    76
  Dodge: Dodged            |    32 |    38 ||    70

Table legend: (Time is in decaauts)
 A = Elapsed time spent in this place.
 B = Non-inter-level travel time spent in this place.
 C = Inter-level travel time spent in this place.
 D = Time resting spent in this place.
 E = Time spent auto-exploring this place.
 F = Levels seen in this place.
 G = Mean time per level.
                   A        B        C        D        E       F      G
               +--------+--------+--------+--------+--------+-----+--------+
         Total |   2104 |   2036 |     68 |      0 |   1757 |   3 |  701.3 |
       Dungeon |   2104 |   2036 |     68 |      0 |   1757 |   3 |  701.3 |
               +--------+--------+--------+--------+--------+-----+--------+

Top non-repeatable levels by time:
     D:1: 1226 daAuts
     D:2: 586 daAuts
     D:3: 291 daAuts
